Map: Abyssal Reef LE

Players

SortOf

  • Race: Zerg Zerg
  • Spawn Location: 5:00

Sen - Winner!

  • Race: Zerg Zerg
  • Spawn Location: 11:00

Event: WCS Jonkoping 2017

VOD

Have the link to the VOD?

Description

Time

  • Played on: June 17, 2017, 1:31 p.m.
  • Length: 4:00

All games in this series

Show
View Real Time Build Order
Export as new Build Order

SortOf Zerg 

Build Orders: Pool First 

Get SALT Encoding   

  12  0:01  Drone  
  13  0:12  Overlord  
  13  0:16  Drone  
  14  0:31  Drone x2  
  14  0:34  Drone  
  17  0:45  Spawning Pool  
  17  0:47  Drone  
  17  1:09  Hatchery  
  16  1:13  Drone  
  17  1:26  Extractor  
  17  1:32  Zergling x6  
  19  1:33  Queen  
  21  1:43  Overlord  
  21  1:56  Drone  
  22  2:05  Drone  
  23  2:09  Queen  
  23  2:15  Drone  
  26  2:21  Zergling x2  
  26  2:22  Queen  
  29  2:26  Zergling x2  
  30  2:35  Drone  
  31  2:40  Drone  
  32  2:45  Drone x4  
  35  2:55  Overlord  
  35  3:10  Queen  
  35  3:18  Zergling x10  
  40  3:21  Queen  
  40  3:24  Zergling x2  
  40  3:25  Zergling x2  
  44  3:33  Overlord  
Show
View Real Time Build Order
Export as new Build Order

Sen Zerg - Winner!

Build Orders: Pool First 

Get SALT Encoding   

  12  0:01  Drone  
  13  0:12  Overlord  
  13  0:17  Drone  
  14  0:30  Drone x2  
  17  0:35  Drone  
  17  0:44  Extractor  
  17  0:45  Drone  
  17  0:50  Spawning Pool  
  17  0:55  Drone  
  17  1:07  Drone  
  18  1:19  Hatchery  
  18  1:25  Drone  
  18  1:36  Queen  
  18  1:37  Zergling x2  
  21  1:45  Metabolic Boost  
  21  1:53  Overlord  
  21  2:00  Drone  
  22  2:08  Baneling Nest  
  21  2:17  Zergling x4  
  23  2:23  Zergling x2, Spine Crawler  
  23  2:35  Zergling x4  
  26  2:37  Queen  
  28  2:46  Zergling x8  
  32  2:52  Baneling x2  
  32  2:58  Zergling x6  
  32  3:04  Overlord  
  35  3:14  Drone  
  35  3:23  Baneling  
  35  3:24  Baneling x2, Drone  
  35  3:25  Drone x2  
  35  3:27  Drone  
  39  3:28  Baneling  
  40  3:34  Drone x2  
  40  3:45  Drone x2  
Tags
 
Add a new tag
Caveats
  • Supply blocks, unpowered buildings, or Contaminate may cause inaccurate times.
  • Supply counts are checked every 10 seconds.